 Dungeon Crawl Stone Soup version 0.16.1-14-g82efdee (webtiles) character file.

226 RepoMan the Ruffian (level 6, -1/47 (48) HPs)
             Began as a Ghoul Warper on Apr 11, 2015.
             Slain by a sky beast (6 damage)
             ... on level 5 of the Dungeon.
             The game lasted 00:26:02 (2826 turns).

RepoMan the Ruffian (Ghoul Warper)                  Turns: 2826, Time: 00:26:02

HP:   -1/47 (48)    AC:  3    Str: 15    XL:     6   Next: 1%
MP:   10/10         EV: 11    Int:  8    God:
Gold: 80            SH:  0    Dex: 10    Spells: 3 memorised, 5 levels left

rFire  . . .     SeeInvis .       - Unarmed
rCold  + . .     Clarity  .     b - +0 leather armour
rNeg   + + +     SustAb   .     (no shield)
rPois  ∞         Gourm    .     (no helmet)
rElec  .         Spirit   .     (no cloak)
rCorr  .         Warding  .     (no gloves)
rMut   .         Stasis   .     (no boots)
MR     .....                    (no amulet)
Stlth  +.........               (no ring)
                                (no ring)

@: very slightly contaminated, rotting, hasted, very quick, not resistant to
hostile enchantments, very unstealthy
A: rotting body, claws 1, carnivore 3, cold resistance 1, negative energy
resistance 3, poison resistance, slow healing 1, torment resistance, unbreathing
a: no special abilities


You were on level 5 of the Dungeon.
You were not hungry.

You visited 1 branch of the dungeon, and saw 5 of its levels.

You collected 80 gold pieces.

Inventory:

Hand weapons
 i - a +2 dagger of speed
Missiles
 g - 17 bolts
 p - 21 poisoned needles
 t - 14 stones (quivered)
Armour
 b - a +0 leather armour (worn)
 r - a +0 helmet
 w - a +0 cloak
 x - a +0 helmet
Jewellery
 e - an uncursed amulet of clarity {unknown}
 l - an uncursed ring of flight {unknown}
 v - an uncursed ring of flight {unknown}
Scrolls
 j - a scroll of identify {unknown}
Potions
 a - a potion of lignification
 d - a potion of curing
 k - a potion of poison
 o - a potion of agility {unknown}
Books
 c - a book of Spatial Translocations

   Spells                             Type                      Level
   a - Apportation                    Translocation                1
   b - Blink                          Translocation                2
   c - Shroud of Golubria             Charms/Translocation         2
   d - Portal Projectile              Translocation                3
   e - Teleport Other                 Translocation                3
   f - Passage of Golubria            Translocation                4
 q - a book of Control

   Spells                             Type                      Level
   a - Control Teleport               Charms/Translocation         4
   b - Control Undead                 Necromancy                   4
   c - Enslavement                    Hexes                        4
   d - Metabolic Englaciation         Hexes/Ice                    5
   e - Mass Confusion                 Hexes                        6
Comestibles
 h - a meat ration
 n - a slice of pizza


   Skills:
 - Level 2.1 Fighting
 - Level 0.8 Throwing
 - Level 0.8 Armour
 - Level 1.7 Dodging
 * Level 4.6 Unarmed Combat
 + Level 2.5 Spellcasting
 * Level 4.3 Translocations


You had 5 spell levels left.
You knew the following spells:

 Your Spells              Type           Power        Failure   Level  Hunger
a - Apportation           Tloc           #.........   10%         1    ##.....
b - Blink                 Tloc           N/A          14%         2    ###....
c - Shroud of Golubria    Chrm/Tloc      #.........   30%         2    ###....


Dungeon Overview and Level Annotations

Branches:
Dungeon (5/15)
 Temple: D:4-7

Altars:
Cheibriados
Gozag
Vehumet

Annotations:
D:2 1 exclusion
D:3 deszczowiec's ghost, average MfGl
D:4 CcS's ghost, average GrEE


Innate Abilities, Weirdness & Mutations

Your body is rotting away.
You thrive on raw meat.
You have sharp fingernails.
You are carnivorous and can eat meat at any time.
Your flesh is cold resistant.
You are immune to negative energy.
Your system is resistant to poisons.
You heal slowly when monsters are visible.
You are immune to unholy pain and torment.
You can survive without breathing.


Message History

Drink which item? (? for menu, Esc to quit)
It was a potion of restore abilities.
You feel refreshed.
The sky beast hits you but does no damage.
Casting: Blink
Confirm with . or Enter, or press ? or * to list all spells.
You miscast Shroud of Golubria.
You are very lightly contaminated with residual magic.
You feel uncomfortable. The sky beast hits you.
* * * LOW HITPOINT WARNING * * *
The sky beast shocks you.
* * * LOW HITPOINT WARNING * * *
Drink which item? (? for menu, Esc to quit)
It was a potion of haste.
You feel yourself speed up. The sky beast closely misses you.
Drink which item? (? for menu, Esc to quit)
It was a potion of magic.
Magic courses through your body. The sky beast hits you.
* * * LOW HITPOINT WARNING * * *
The sky beast shocks you.
You die...

#.# #.# #.#
#.# #.##
#..# #..#
##..###
#.@...#
#..Y...#
##.........
##.#.#####
###.# .# #


You could see a sky beast.

Vanquished Creatures
  An ogre (D:4)
  Ijyb (D:2)
  Robin (D:2)
  5 adders
  4 giant geckos
  An ooze (D:3)
  4 orcs
  8 bats
  2 giant cockroaches
  17 goblins
  5 hobgoblins
  A quokka (D:4)
  2 giant newts
  3 jackals
  6 kobolds
  8 rats
69 creatures vanquished.

Vanquished Creatures (others)
  A giant gecko (D:2)
1 creature vanquished.

Grand Total: 70 creatures vanquished

Notes
Turn   | Place    | Note
--------------------------------------------------------------
     0 | D:1      | RepoMan, the Ghoul Warper, began the quest for the Orb.
     0 | D:1      | Reached XP level 1. HP: 17/17 MP: 2/2
   163 | D:1      | Reached XP level 2. HP: 15/24 MP: 3/3
   247 | D:1      | You fall through a shaft!
   344 | D:2      | Reached skill level 3 in Unarmed Combat
   444 | D:1      | Learned a level 2 spell: Blink
   949 | D:2      | Reached XP level 3. HP: 29/29 MP: 4/6
   951 | D:2      | Found a radiant altar of Vehumet.
  1020 | D:2      | Noticed Ijyb
  1047 | D:2      | Killed Ijyb
  1277 | D:2      | Reached XP level 4. HP: 21/36 MP: 6/6
  1296 | D:2      | Noticed Robin
  1323 | D:3      | Found an opulent altar of Gozag.
  1343 | D:3      | Noticed deszczowiec's ghost (average MfGl)
  1455 | D:2      | Learned a level 2 spell: Shroud of Golubria
  1555 | D:2      | You fall through a shaft!
  1674 | D:2      | Killed Robin
  1680 | D:2      | Reached skill level 4 in Unarmed Combat
  1795 | D:2      | Reached XP level 5. HP: 27/41 MP: 8/8
  2189 | D:4      | Found a snail-covered altar of Cheibriados.
  2260 | D:4      | Noticed an ogre
  2345 | D:4      | Noticed CcS's ghost (average GrEE)
  2705 | D:4      | Noticed an ogre
  2723 | D:4      | Killed an ogre
  2723 | D:4      | Reached XP level 6. HP: 31/47 MP: 10/10
  2814 | D:5      | Entered Level 5 of the Dungeon
  2826 | D:5      | Slain by a sky beast

Action                   |  1- 3 |  4- 6 || total
-------------------------+-------+-------++-------
Melee: Unarmed           |   116 |   172 ||   288
Throw: Tomahawk          |     1 |     4 ||     5
       Stone             |       |     2 ||     2
 Cast: Blink             |       |     7 ||     7
       Apportation       |       |     5 ||     5
  Use: Potion            |       |     6 ||     6
       Scroll            |       |     1 ||     1
 Stab: Distracted        |       |     1 ||     1
  Eat: Chunk             |     9 |    10 ||    19
